 Dungeon Crawl Stone Soup version 0.31-a0-1237-gabc64e7 (webtiles) character file.

Game seed: 18174254745172936170

5026 PublicAnimeNo1 the Fighter (level 10, -2/115 HPs)
             Began as an Ogre Cinder Acolyte on Nov 13, 2023.
             Was an Initiate of Ignis.
             Slain by an orc warrior
             ... wielding a +0 trident
              (13 damage)
             ... on level 9 of the Dungeon on Dec 15, 2023.
             The game lasted 00:23:08 (10226 turns).

PublicAnimeNo1 the Fighter (Ogre Cinder Acolyte)   Turns: 10226, Time: 00:23:09

Health: -2/115     AC:  4    Str: 22    XL:     10   Next: 55%
Magic:  11/11      EV: 12    Int: 17    God:    Ignis [......]
Gold:   241        SH:  6    Dex:  4    Spells: 9/11 levels left

rFire   + . .        f - +5 mace (freeze)
rCold   . . .        k - +0 kite shield
rNeg    . . .        v - +1 robe of Generosity {Harm rElec Will++}
rPois   .            (helmet restricted)
rElec   +            (no cloak)
rCorr   .            (gloves unavailable)
SInv    .            (boots unavailable)
Will    ++++.        (no amulet)
Stlth   +            g - +5 ring of evasion
HPRegen 0.39/turn    w - ring of wizardry
MPRegen 0.12/turn

%: harm (+30% outgoing, +20% incoming), wizardry (x1)
@: enlightened, flying
A: large, unfitting armour, tough skin 1
a: Renounce Religion


You were on level 9 of the Dungeon.
You worshipped Ignis.
Ignis was noncommittal.
You visited 1 branch of the dungeon, and saw 9 of its levels.
You also visited: Bailey.

You collected 583 gold pieces.
You spent 342 gold pieces at shops.

Inventory:

Hand Weapons
 f - a +5 mace of freezing (weapon)
 E - a +2 whip of electrocution
Missiles
 l - 6 curare-tipped darts
Armour
 b - a +0 robe
 k - a +0 kite shield (worn)
 n - a scarf of invisibility
 v - the +1 robe of Generosity (worn) {Harm rElec Will++}
   (You found it on level 4 of the Dungeon)

   rElec:     It insulates you from electricity.
   Will++:    It greatly increases your willpower.
   Harm:      It increases damage dealt and taken.
Jewellery
 g - a +5 ring of evasion (left hand)
 m - a ring of magical power
 w - a ring of wizardry (right hand)
Talismans
 D - a serpent talisman
Wands
 d - a wand of digging (5)
 j - a wand of flame (17)
 p - a wand of polymorph (27)
Scrolls
 q - a scroll of torment {unknown}
 s - a scroll of amnesia {unknown}
 t - 3 scrolls of teleportation
 y - a scroll of silence {unknown}
Potions
 a - a potion of mutation {unknown}
 c - 2 potions of curing
 e - 2 potions of attraction
 h - a potion of ambrosia {unknown}
 i - a potion of degeneration {unknown}
 o - a potion of enlightenment
 r - 7 potions of magic
 u - 3 potions of cancellation
 z - 2 potions of resistance
 A - 2 potions of invisibility {unknown}
 B - 2 potions of might {unknown}
 C - a potion of haste {unknown}


   Skills:
 + Level 12.2 Fighting
 + Level 11.5 Maces & Flails
 + Level 2.1 Shields
 - Level 1.2 Spellcasting
 - Level 2.6 Fire Magic


You had 9 spell levels left.
You knew the following spells:

 Your Spells              Type           Power      Damage    Failure   Level
a - Scorch                Fire           20%        2d5       11%         2

Your spell library contained the following spells:

 Spells                   Type           Power      Damage    Failure   Level
 Shock                    Conj/Air       4%         1d3       21%         1
 Sublimation of Blood     Necr           1%         N/A       28%         2
 Wereblood                Tmut           1%         N/A       28%         2
 Gell's Gravitas          Tloc           1%         N/A       50%         3
 Swiftness                Air            1%         N/A       50%         3
 Teleport Other           Tloc           1%         N/A       50%         3
 Airstrike                Air            0%         2d(1-17)  86%         4
 Dispersal                Tloc           0%         N/A       100%        6
 Summon Hydra             Summ           0%         N/A       100%        7


Dungeon Overview and Level Annotations

Branches:
Dungeon (9/15)             Temple (0/1) D:7          Bailey (visited)
   Lair: D:8-11         Orc: D:9-12

Altars:
Ashenzari
Elyvilon
Fedhas
Hepliaklqana
Kikubaaqudgha
Ru
Trog
Uskayaw
Wu Jian
Xom
Zin
The Shining One

Shops:
D:1 [   D:2 :   D:6 !   D:7 !??(

Annotations:
D:4 1 runed translucent door, waagh's ghost, amateur OpBe


Innate Abilities, Weirdness & Mutations

You are too large for most types of armour.
You have tough skin. (AC +1)


Message History

You feel much better. The troll barely misses you.
The troll claws you but does no damage. The troll claws you!
* * * LOW HITPOINT WARNING * * *
You block the orc warrior's attack.
You closely miss the troll.
The troll is severely wounded.
The troll barely misses you. The troll claws you.
* * * LOW HITPOINT WARNING * * *
The troll claws you.
* * * LOW HITPOINT WARNING * * *
The orc warrior hits you from afar with a +0 trident!
* * * LOW HITPOINT WARNING * * *
The orc warrior attacks as it pursues you!
The orc warrior hits you from afar with a +0 trident.
* * * LOW HITPOINT WARNING * * *
You hit the troll. You freeze the troll.
The troll is almost dead.
You block the troll's attack. The troll claws you.
* * * LOW HITPOINT WARNING * * *
The troll claws you.
* * * LOW HITPOINT WARNING * * *
The orc warrior closely misses you.
You feel much better. The troll closely misses you. The troll claws you.
* * * LOW HITPOINT WARNING * * *
The troll claws you!
* * * LOW HITPOINT WARNING * * *
The orc warrior closely misses you.
You sock the troll! You freeze the troll.
You kill the troll!
The orc warrior misses you.
Your life force feels restored.
Your Shields skill increases to level 2!
It was a potion of enlightenment.
You feel very buoyant.
You fly up into the air.
The orc warrior hits you from afar with a +0 trident!
* * * LOW HITPOINT WARNING * * *
The orc warrior attacks as it pursues you!
The orc warrior hits you from afar with a +0 trident!
You die...

.........# ####.............#
.........# #..............
...W.....# #...........###
#).....# #...........#..
#......# #.########..#..
#......# #.# #..#.. #......# #.#
#..#.. #......##########.#
#..#.. #........Wo.o.@...#
#..### #.......##'###....#
#..... #.......#....#....#
#.....
##.......#...##....########.....
........##...#..................
........#....#..................
........'....#..#####...........
........######..# #####.......
................# #.......


You could see a wraith, an orc warrior and an orc.

Vanquished Creatures
  Erica (D:8)
  Pikel (D:7)
  A troll (D:9)
  Prince Ribbit (D:8)
  Grum (D:8)
  Menkaure (D:7)
  A steam dragon (D:9)
  A water moccasin (D:7)
  An ice beast (D:6)
  A black bear (D:6)
  An orc warrior (Bailey)
  2 wolves (D:8)
  A centaur (D:9)
  4 kobold brigands
  A bullfrog (D:7)
  A gnoll sergeant (D:8)
  2 scorpions
  11 wights
  15 killer bees
  A howler monkey (D:6)
  A jelly (D:7)
  2 hounds
  2 orc priests
  A gnoll bouda (D:8)
  3 iguanas
  3 orc wizards
  8 adders
  22 gnolls
  2 shadow imps
  2 ufetubi (D:6)
  A worm (D:2)
  3 dart slugs
  41 orcs
  12 ball pythons
  6 endoplasms
  6 giant cockroaches
  13 goblins
  5 hobgoblins
  31 kobolds
  4 quokkas
  4 bats
  A frilled lizard (D:1)
  8 rats
230 creatures vanquished.

Vanquished Creatures (others)
  53 foxfires
53 creatures vanquished.

Grand Total: 283 creatures vanquished

Notes
Turn   | Place    | Note
-------+----------+-------------------------------------------
     0 | D:1      | PublicAnimeNo1 the Ogre Cinder Acolyte began the quest for
                  | the Orb.
     0 | D:1      | Reached XP level 1. HP: 24/24 MP: 2/2
    76 | D:1      | Reached XP level 2. HP: 28/32 MP: 3/3
   248 | D:1      | Found Ebog's Armour Emporium.
   329 | D:1      | Reached XP level 3. HP: 40/40 MP: 4/4
   467 | D:2      | Found Ujyj's Book Emporium.
   759 | D:2      | Reached skill level 5 in Fighting
   759 | D:2      | Reached XP level 4. HP: 18/50 MP: 5/5
  1566 | D:3      | Found a faded altar of an unknown god.
  1680 | D:3      | Reached XP level 5. HP: 56/57 MP: 6/6
  1962 | D:3      | Identified the +0 helmet of Untold Secrets {Str+4}
  2748 | D:4      | Found a hide-covered altar of Uskayaw.
  2834 | D:4      | Identified the +1 robe of Generosity {Harm rElec Will++}
  3053 | D:4      | Found a runed translucent door.
  3053 | D:4      | Noticed waagh's ghost (amateur OpBe)
  3355 | D:5      | Entered Level 5 of the Dungeon
  3594 | D:5      | Reached skill level 5 in Maces & Flails
  3656 | D:5      | Noticed a steam dragon
  3748 | D:5      | Reached XP level 6. HP: 39/67 MP: 7/7
  4003 | D:5      | Reached skill level 6 in Fighting
  4822 | D:6      | Found Zor Wade's Distillery.
  4825 | D:6      | Noticed a black bear
  4844 | D:6      | Killed a black bear
  4845 | D:6      | Reached XP level 7. HP: 33/76 MP: 8/8
  4988 | D:6      | Bought a potion of berserk rage for 60 gold pieces
  4988 | D:6      | Bought a potion of heal wounds for 60 gold pieces
  4988 | D:6      | Bought a potion of heal wounds for 60 gold pieces
  5058 | D:6      | Reached skill level 7 in Fighting
  5305 | D:6      | Found a sacrificial altar of Ru.
  5377 | D:6      | Found an ornate altar of the Wu Jian Council.
  5549 | D:6      | Found a white marble altar of Elyvilon.
  5974 | D:7      | Found Zoub Daq's Magic Scroll Shop.
  5983 | D:7      | Bought a scroll of revelation for 90 gold pieces
  5987 | D:7      | Bought a scroll of teleportation for 36 gold pieces
  5987 | D:7      | Bought a scroll of teleportation for 36 gold pieces
  6004 | D:7      | Reached XP level 8. HP: 82/88 MP: 9/9
  6030 | D:7      | Found a flagged portal.
  6038 | Bailey   | Entered a bailey
  6109 | Bailey   | Reached skill level 8 in Fighting
  6335 | Bailey   | Learned a level 2 spell: Scorch
  7126 | D:7      | Found Lesimucw's Distillery.
  7182 | D:7      | Noticed Pikel
  7205 | D:7      | Killed Pikel
  7206 | D:7      | Reached skill level 9 in Fighting
  7206 | D:7      | Reached XP level 9. HP: 99/100 MP: 10/10
  7215 | D:7      | Found Muarghein's Magic Scroll Shop.
  7230 | D:7      | Noticed an angel
  7232 | D:7      | Found a shimmering altar of Xom.
  7234 | D:7      | Found a glowing silver altar of Zin.
  7252 | D:7      | Found Tejozut's Antique Weapon Shop.
  7290 | D:7      | Noticed Menkaure
  7314 | D:7      | HP: 5/100 [Menkaure (24)]
  7322 | D:7      | Killed Menkaure
  7831 | D:7      | Reached skill level 10 in Fighting
  7841 | D:7      | Found Juschuja's Magic Scroll Emporium.
  7953 | D:7      | Found a staircase to the Ecumenical Temple.
  7982 | D:7      | Found a hazy altar of Hepliaklqana.
  8274 | D:8      | Noticed Grum
  8289 | D:8      | Killed Grum
  8290 | D:8      | Reached skill level 10 in Maces & Flails
  8531 | D:8      | Noticed Erica
  8538 | D:8      | Noticed Prince Ribbit
  8547 | D:8      | Found a broken altar of Ashenzari.
  8742 | D:8      | Reached skill level 11 in Fighting
  8970 | D:8      | Killed Prince Ribbit
  8971 | D:8      | Reached XP level 10. HP: 88/114 MP: 11/11
  8974 | D:8      | Killed Erica
  9317 | D:8      | Found a bloodstained altar of Trog.
  9564 | D:9      | Found a glowing golden altar of the Shining One.
  9649 | D:9      | Reached skill level 1 in Shields
  9650 | D:9      | Upgraded the game from 0.31-a0-1009-g454b1f1 to
                  | 0.31-a0-1237-gabc64e7
  9734 | D:9      | Found a blossoming altar of Fedhas.
  9883 | D:9      | Reached skill level 12 in Fighting
 10116 | D:9      | Found an ancient bone altar of Kikubaaqudgha.
 10219 | D:9      | HP: 4/114 [troll (2)]
 10226 | D:9      | Slain by an orc warrior

Illustrated notes

Levels and vault maps discovered:
D:1:      orjb1_clovarrival, layout_rooms, serial_shops, shop
D:2:      minmay_chambers_of_twos, layout_rooms, serial_shops,
          nicolae_shop_window_shopping, interstate_on_off
D:3:      layout_basic, ebering_ecumenical_altar_rust
D:4:      layout_loops_ring, lemuel_coloured_pillars_altar,
          gammafunk_ghost_grave, st_stairs_5, minivault_19
D:5:      layout_basic, serial_rivers, chequers_serial_rivers_small_3,
          chequers_serial_rivers_small_b, chequers_serial_rivers_micro_a,
          chequers_serial_rivers_micro_a
D:6:      layout_loops_corners, old_standard_altar, amcnicky_altar_gilded,
          elyvilon_altar_5, serial_shops, shop, dk_rats_in_the_wall
D:7:      layout_gridville, worldfamousw_hep_ancestral_shrine,
          grunt_temple_overflow_order_and_chaos_1, temple_pool_b, serial_shops,
          shop, nicolae_shop_tiny_statue_garden, shop, shop,
          kennysheep_little_box, enter_bailey_3, uniq_pikel, uniq_menkaure
D:8:      layout_rooms, kennysheep_mini, lightli_temple_of_fire,
          uniq_prince_ribbit1, uniq_erica, uniq_grum
D:9:      layout_irregular_city, lemuel_round_altar,
          mainiacjoe_overflow_alcove_4, nicolae_overflow_hidden_temple,
          chequers_serial_rivers_micro_d

Skill      XL: |  1  2  3  4  5  6  7  8  9 10 |
---------------+-------------------------------+-----
Maces & Flails | 3 4 5 6 7 8 10 11 | 11.5
Fighting       | 5 6 7 9 11 12 | 12.2
Shields        | 2 |  2.1
Spellcasting   | |  1.2
Fire Magic     | |  2.6

Action                     |  1- 3 |  4- 6 |  7- 9 | 10-12 || total
---------------------------+-------+-------+-------+-------++-------
  Melee: Mace              |    23 |       |    43 |    92 ||   158
         Dagger            |    86 |   282 |    21 |       ||   389
         Punch             |     1 |     7 |     3 |       ||    11
         Flail             |       |       |    65 |       ||    65
         Halberd           |       |       |    50 |       ||    50
         Whip              |       |       |    58 |       ||    58
   Cast: Scorch            |       |       |     5 |     1 ||     6
 Invoke: Foxfire Swarm     |     1 |       |     2 |       ||     3
         Rising Flame      |       |     1 |       |       ||     1
         Fiery Armour      |       |       |     5 |     3 ||     8
  Evoke: Wand              |       |     1 |     9 |       ||    10
    Use: Scroll            |       |     6 |     6 |       ||    12
         Potion            |       |     1 |    10 |     4 ||    15
 Armour: Robe              |    67 |   199 |   233 |    80 ||   579
         Skin              |       |       |     5 |       ||     5
  Dodge: Dodged            |    45 |   108 |   176 |    81 ||   410
  Block: Kite shield       |       |       |       |    20 ||    20

Table legend: (Time is in decaauts)
 A = Elapsed time spent in this place.
 B = Non-inter-level travel time spent in this place.
 C = Inter-level travel time spent in this place.
 D = Time resting spent in this place.
 E = Time spent auto-exploring this place.
 F = Levels seen in this place.
 G = Mean time per level.
                   A        B        C        D        E       F      G
               +--------+--------+--------+--------+--------+-----+--------+
         Total |  10232 |   9904 |    328 |   3050 |   4760 |  10 | 1023.2 |
       Dungeon |   9250 |   8922 |    328 |   2428 |   4674 |   9 | 1027.8 |
        Bailey |    981 |    981 |      0 |    622 |     86 |   1 |  981.0 |
               +--------+--------+--------+--------+--------+-----+--------+

Top non-repeatable levels by time:
     D:4: 1528 daAuts
     D:6: 1344 daAuts
     D:8: 1215 daAuts
     D:7: 1200 daAuts
  Bailey: 981 daAuts
     D:2: 965 daAuts
     D:5: 888 daAuts
     D:9: 851 daAuts
     D:3: 714 daAuts
     D:1: 542 daAuts
